 Dungeon Crawl Stone Soup version 0.28.0-53-g5a82cb258f (webtiles) character file.

Game seed: 12406315523884747735

7 Descartes the Grasshopper (level 1, -2/9 HPs)
             Began as a Felid Warper on July 13, 2022.
             Killed from afar by a dart slug (3 damage)
             ... with a slug dart
             ... on level 1 of the Dungeon.
             The game lasted 00:00:14 (64 turns).

Descartes the Grasshopper (Felid Warper)              Turns: 64, Time: 00:00:15

Health: -2/9       AC:  1    Str:  7    XL:     1   Next: 83%
Magic:  4/4        EV: 17    Int: 14    God:
Gold:   0          SH:  0    Dex: 15    Spells: 4/4 levels left
                                        Lives:  0   Deaths: 0

rFire   . . .      SeeInvis +     - Unarmed
rCold   . . .      Faith    .   (shield unavailable)
rNeg    . . .      Spirit   .   (armour unavailable)
rPois   .          Reflect  .   (helmet unavailable)
rElec   .          Harm     .   (cloak unavailable)
rCorr   .          Rampage  .   (gloves unavailable)
Will    .....                   (boots unavailable)
Stlth   ++........              (no amulet)
HPRegen 0.03/turn               (no ring)
MPRegen 0.09/turn               (no ring)

@: quick
A: very small, claws 1, fangs 3, see invisible, speed 1, shaggy fur 1, stealthy
paws, no weapons or thrown items, no armour, multi-lived
a: no special abilities


You were on level 1 of the Dungeon.
You visited 1 branch of the dungeon, and saw 1 of its levels.

Inventory:

Scrolls
 a - a scroll of blinking
 b - a scroll of identify {unknown}


   Skills:
 - Level 2.0 Fighting
 - Level 3.2 Dodging
 + Level 2.3 Stealth
 - Level 2.0 Unarmed Combat
 - Level 2.0 Spellcasting
 - Level 4.4 Translocations


You had 4 spell levels left.
You didn't know any spells.
Your spell library contained the following spells:

 Spells                   Type           Power      Damage    Failure   Level
 Blink                    Tloc           26%        N/A       6%          2
 Gell's Gravitas          Tloc           13%        N/A       12%         3
 Lesser Beckoning         Tloc           13%        N/A       12%         3
 Teleport Other           Tloc           13%        N/A       12%         3
 Manifold Assault         Tloc           13%        N/A       73%         5


Dungeon Overview and Level Annotations

Branches:
Dungeon (1/15)

Altars:


Innate Abilities, Weirdness & Mutations

You have sharp claws.
You have razor-sharp teeth.
You have supernaturally acute eyesight. (SInv)
You cover ground quickly. (Speed+)
You are covered in fur. (AC +1)
Your paws help you pounce on unaware monsters.
You are incapable of wielding weapons or throwing items.
You cannot wear armour.
You gain extra lives every three experience levels.


Message History

The frilled lizard hisses angrily.
The frilled lizard barely misses you.
You barely miss the frilled lizard.
A dart slug comes into view.
The frilled lizard barely misses you.
You barely miss the frilled lizard. The frilled lizard bites you.
You scratch the frilled lizard. Your bite misses the frilled lizard.
The frilled lizard is moderately wounded.
The frilled lizard bites you.
You miss the frilled lizard.
The frilled lizard is moderately wounded.
The frilled lizard barely misses you.
You closely miss the frilled lizard. Your claw misses the frilled lizard.
Your bite misses the frilled lizard.
The frilled lizard is moderately wounded.
The frilled lizard bites you.
You are too injured to fight recklessly!
You are too injured to fight recklessly!
You are too injured to fight recklessly!
You are too injured to fight recklessly!
You are too injured to fight recklessly!
You are too injured to fight recklessly!
You are too injured to fight recklessly!
You are too injured to fight recklessly!
There are monsters nearby!
You scratch the frilled lizard but do no damage.
The frilled lizard is moderately wounded.
The frilled lizard bites you.
* * * LOW HITPOINT WARNING * * *
You scratch the frilled lizard.
The frilled lizard is severely wounded.
The frilled lizard closely misses you.
You scratch the frilled lizard.
You kill the frilled lizard!
The dart slug misses you.
You see here a frilled lizard corpse.
You scratch the dart slug but do no damage.
The dart slug launches a dart at you. The slug dart hits you.
You die...

# #. . ### #....
## .#.## #.# ...
#..# #w# ##.#.##@#
##..>....#######
#...............
###........######.
.............#
##........##.#
#.........# #
#.#)......#
#.##..#.#.#


You could see a dart slug.

Vanquished Creatures
  A ball python (D:1)
  3 goblins (D:1)
  A bat (D:1)
  A frilled lizard (D:1)
6 creatures vanquished.

Notes
Turn   | Place    | Note
-------+----------+-------------------------------------------
     0 | D:1      | Descartes the Felid Warper began the quest for the Orb.
     0 | D:1      | Reached XP level 1. HP: 9/9 MP: 4/4
    22 | D:1      | Reached skill level 1 in Stealth
    64 | D:1      | Killed from afar by a dart slug

Illustrated notes

Levels and vault maps discovered:
D:1:      wander_arrival_chamber, layout_loops_ring

Skill      XL: |  1 |
---------------+----+-----
Stealth        | 2 |  2.3
Fighting       | |  2.0
Dodging        | |  3.2
Unarmed Combat | |  2.0
Spellcasting   | |  2.0
Translocations | |  4.4

Action                   || total
-------------------------++-------
Melee: Unarmed           ||    25
       Bite              ||     2
Armor: Skin              ||     2
Dodge: Dodged            ||    20
